 Dungeon Crawl Stone Soup version 0.30-a0-972-gf3ab3527aa (webtiles) character file.

Game seed: 1209259103560779482

214 kae the Changer (level 5, -4/37 HPs)
             Began as a Demonspawn Transmuter on Mar 31, 2023.
             Slain by Duvessa
             ... wielding a +1 short sword of venom
              (13 damage)
             ... on level 4 of the Dungeon.
             The game lasted 00:03:51 (3061 turns).

kae the Changer (Demonspawn Transmuter)             Turns: 3061, Time: 00:03:51

Health: -4/37      AC:  2    Str: 10    XL:     5   Next: 59%
Magic:  7/9        EV: 24    Int: 17    God:
Gold:   40         SH:  0    Dex: 18    Spells: 3/9 levels left

rFire   . . .      SeeInvis .    h - melded +1 dagger
rCold   . . .      Faith    .    (shield currently unavailable)
rNeg    . . .      Spirit   .    r - melded +2 robe {Archmagi}
rPois   x          Reflect  .    (helmet currently unavailable)
rElec   .          Rampage  .    j - melded scarf {repulsion}
rCorr   .                        o - melded +2 pair of gloves
Will    .....                    (boots currently unavailable)
Stlth   ++                       (no amulet)
HPRegen 0.26/turn                Y - +4 ring of slaying
MPRegen 0.11/turn                E - +5 ring of evasion

@: lethally poisoned (-4 -> -53), spider-form
A: venomous fangs, tiny, foul stench 2
a: End Transformation


You were on level 4 of the Dungeon.
You were a venomous arachnid creature.
You visited 1 branch of the dungeon, and saw 4 of its levels.

You collected 157 gold pieces.
You spent 117 gold pieces at shops.


Innate Abilities, Weirdness & Mutations

You are a venomous arachnid creature.
You have venomous fangs.
You are tiny and dextrous.
Your spellcasting is less reliable in this form.
Your armour is entirely melded.
You are incapable of wielding weapons or throwing items.
You sometimes emit foul miasma when damaged in melee.


   Skills:
 - Level 1.0 Fighting
 - Level 1.7 Dodging
 + Level 3.5 Unarmed Combat
 + Level 2.9 Spellcasting
 * Level 3.7 Transmutations
 - Level 2.0 Poison Magic


You had 3 spell levels left.
You knew the following spells:

 Your Spells              Type           Power      Damage    Failure   Level
a - Beastly Appendage     Tmut           30%        N/A       12%         1
b - Wereblood             Tmut           15%        N/A       16%         2
c - Spider Form           Tmut/Pois      12%        N/A       34%         3

Your spell library contained the following spells:

 Spells                   Type           Power      Damage    Failure   Level
 Shock                    Conj/Air       8%         1d3       38%         1
 Slow                     Hex            8%         N/A       38%         1
 Blink                    Tloc           4%         N/A       47%         2
 Momentum Strike          Conj/Tloc      4%         3d8       47%         2
 Confusing Touch          Hex            2%         N/A       69%         3
 Kindle Blastsparks       Fire/Tloc/Air  4%         2d10      69%         3
 Teleport Other           Tloc           2%         N/A       69%         3
 Vampiric Draining        Necr           2%         2d6       69%         3
 Ice Form                 Ice/Tmut       8%         N/A       82%         4
 Manifold Assault         Tloc           2%         N/A       96%         4
 Passage of Golubria      Tloc           2%         N/A       96%         4
 Storm Form               Tmut/Air       4%         N/A       100%        7

Inventory:

Hand Weapons
 h - a +1 dagger (melded)
   (You took it off a goblin on level 1 of the Dungeon)
Missiles
 f - 46 stones
Armour
 a - a +0 robe
 j - a scarf of repulsion (melded)
   (You found it on level 1 of the Dungeon)
 o - a +2 pair of gloves (melded)
   (You found it on level 3 of the Dungeon)
 r - a +2 robe of the Archmagi (melded)
   (You found it on level 3 of the Dungeon)
Magical Staves
 m - a staff of poison {!a}
   (You found it on level 3 of the Dungeon)
Jewellery
 E - a +5 ring of evasion (right front pincers)
   (You found it on level 3 of the Dungeon)
 Y - a +4 ring of slaying (left front pincers)
   (You found it on level 1 of the Dungeon)
Wands
 e - a wand of flame (13)
   (You took it off Robin on level 2 of the Dungeon)
Scrolls
 l - a scroll of fog
 n - a scroll of butterflies
 q - a scroll of teleportation {@r4}
 s - a scroll of enchant weapon
Potions
 b - a potion of lignification {!q}
 c - 3 potions of mutation {!q}
 d - a potion of flight {unknown}
 g - 3 potions of attraction {!q}
 i - a potion of heal wounds {@q2}
 k - a potion of resistance
 p - a potion of cancellation {unknown}

Dungeon Overview and Level Annotations

Branches:
Dungeon (4/15) Zot: 20928
 Temple: D:4-7

Altars:
Trog

Shops:
D:4 *

Annotations:
D:4 Dowan, Duvessa

................... .. ..
#.####)######.##.# #. #.
#..........#..........####.
######.###.#..##.#.##.+..<.
#######.###.#..##.#.##.####.
..........#.#..##.#.##.#.##.
#######.#.#.#.........†.....
########.#.e.#.###.#.#....###
.........#.es......#.#......#
#######.##.###.###.#.#..#.###
#..........# #........#
###.##.....# #.#.#...##
...##.....###.#.#...#
...#..#..e..............
#.....#.#e........#.##...##
.... .......#.#####........
... ....###e#... ..##.#####


You could see Duvessa (fast, extremely poisoned, slow) and Dowan.


Message History

Your transformation is almost over.
You now have 40 gold pieces (gained 10).
Your transformation has ended.
Your +1 dagger unmelds from your body.
Your scarf of repulsion unmelds from your body.
Your +2 pair of gloves unmelds from your body.
Your +2 robe of the Archmagi unmelds from your body.
You are surrounded by a repulsion field.
You feel powerful. 😎 MP[+3]
Your mp is fully restored (9).
Duvessa and Dowan come into view.
Duvessa is wielding a +1 short sword of venom and carrying a wand of quicksilver (10).
Found an escape hatch in the ceiling.
Duvessa shouts!
Dowan shouts!
Unknown command.
Unknown command.
Duvessa zaps a wand.
The bolt of dispelling energy misses you.
Dowan casts a spell at Duvessa.
Duvessa seems to speed up.
Unknown command.
Okay, then.
Okay, then.
Okay, then.
Okay, then.
Casting: Spider Form (quite dangerous; 16% risk of failure)
Confirm with . or Enter, or press ? or * to list all spells.
The spell is quite dangerous to miscast (16% risk of failure)!
Continue anyway? [Y]es or [N]o only, please.
The spell is quite dangerous to miscast (16% risk of failure)!
Continue anyway?
You feel a surge of power!
You turn into a venomous arachnid creature.
Your +1 dagger melds into your body.
Your scarf of repulsion melds into your body.
Your +2 pair of gloves melds into your body.
Your +2 robe of the Archmagi melds into your body.
The haze of the repulsion field disappears.
You feel strangely numb. 😎 MP[-3]
You lost 3 mp, and now have 6/9 mp.
Unknown command.
Duvessa zaps a wand.
The bolt of dispelling energy misses you.
You hit Duvessa.
Duvessa is poisoned.
Duvessa misses you.
You hit Duvessa but do no damage.
Duvessa looks as sick as possible!
Duvessa completely misses you. x2
Unknown command.
You hit Duvessa but do no damage.
Duvessa looks as sick as possible!
Duvessa hits you with a +1 short sword of venom!
You are poisoned. 😮 HP[-10]
You take 10 damage, and now have 27/37 hp.
MASSIVE DAMAGE!! (PAUSE)
You hit Duvessa but do no damage.
Duvessa looks as sick as possible!
You feel very sick. Duvessa completely misses you. 😮 HP[-4]
You take 4 damage, and now have 23/37 hp.
You hit Duvessa but do no damage.
Duvessa looks as sick as possible!
You feel very sick. Duvessa barely misses you.
Duvessa zaps a wand.
The bolt of dispelling energy misses you. 😮 HP[-3]
You take 3 damage, and now have 20/37 hp.
You hit Duvessa but do no damage.
Duvessa looks as sick as possible!
You feel very sick. Duvessa closely misses you.
Dowan points at you and mumbles some strange words.
The puff of frost misses you. 😨 HP[-3]
You take 3 damage, and now have 17/37 hp.
Unknown command.
You hit Duvessa but do no damage.
Duvessa looks as sick as possible!
You feel sick. Duvessa hits you but does no damage.
You are lethally poisoned!
Dowan completely misses you. 😨 HP[-2] MP[+1]
You take 2 damage, and now have 15/37 hp.
You hit Duvessa but do no damage.
Duvessa looks as sick as possible!
* * * LOW HITPOINT WARNING * * *
You feel very sick.
Duvessa hits you with a +1 short sword of venom.
* * * LOW HITPOINT WARNING * * *
You are more poisoned.
Duvessa hits you with a +1 short sword of venom.
* * * LOW HITPOINT WARNING * * *
You are more poisoned.
You emit a cloud of foul miasma!
Dowan barely misses you. 😱 HP[-10]
You take 10 damage, and now have 5/37 hp.
MASSIVE DAMAGE!! (PAUSE) It was a potion of heal wounds.
You feel much better.
* * * LOW HITPOINT WARNING * * *
You feel extremely sick.
Duvessa is engulfed in dark miasma.
Duvessa looks as sick as possible!
Duvessa seems to slow down.
Duvessa hits you with a +1 short sword of venom!
You die...

Skill      XL: |  1  2  3  4  5 |
---------------+----------------+-----
Transmutations | 2 3 |  3.7
Unarmed Combat | 3 |  3.5
Poison Magic   | 1 2 |  2.0
Fighting       | |  1.0
Dodging        | |  1.7
Spellcasting   | |  2.9

Action                     |  1- 3 |  4- 6 || total
---------------------------+-------+-------++-------
  Melee: Unarmed           |    35 |    14 ||    49
         Kick              |    24 |    19 ||    43
         Headbutt          |     5 |    10 ||    15
         Punch             |     3 |     3 ||     6
         Dagger            |    60 |    68 ||   128
   Cast: Beastly Appendage |    19 |    24 ||    43
         Spider Form       |       |     3 ||     3
    Use: Scroll            |     3 |     9 ||    12
         Potion            |     1 |     1 ||     2
   Stab: Sleeping          |     1 |     1 ||     2
 Armour: Robe              |    16 |    16 ||    32
         Skin              |       |     2 ||     2
  Dodge: Dodged            |    53 |    68 ||   121
         Repelled          |       |     1 ||     1

Levels and vault maps discovered:
D:1:      amcnicky_arrival_abandoned_market, layout_rooms,
          serial_park_tiny_pond, st_stairs_10
D:2:      layout_basic, nicolae_eternal_life, interstate_on_off, uniq_robin,
          uniq_sigmund
D:3:      layout_rooms, bloody_trog, general_overflow_altar, serial_bayou,
          serial_bayou_pond_a, serial_bayou_pond_b, serial_bayou_lagoon_b,
          serial_bayou_pond_a, kennysheep_generic_room_7
D:4:      layout_basic, serial_shops, nicolae_shop_hallway_stairs, uniq_duvessa

Notes
Turn   | Place    | Note
-------+----------+-------------------------------------------
     0 | D:1      | kae the Demonspawn Transmuter began the quest for the Orb.
     0 | D:1      | Reached XP level 1. HP: 15/15 MP: 3/3
     0 | D:1      | magus.rc [v1.11.3]
   122 | D:1      | Reached skill level 2 in Transmutations
   204 | D:1      | Gained mutation: You may rarely emit foul miasma when
                  | damaged in melee. [demonic ancestry]
   204 | D:1      | Reached XP level 2. HP: 16/21 MP: 3/5
   629 | D:1      | Reached skill level 3 in Unarmed Combat
   736 | D:2      | Identified a scroll of acquirement
   736 | D:2      | Acquired Afabicsi's Discourse on the Vector and
                  | Ceraunoscopy
   737 | D:2      | You add the spells Shock, Momentum Strike, Blink, Kindle
                  | Blastsparks, Teleport Other, Manifold Assault, Passage of
                  | Golubria and Storm Form to your library.
   776 | D:2      | Reached XP level 3. HP: 22/26 MP: 4/6
  1140 | D:2      | Noticed Robin
  1182 | D:2      | Killed Robin
  1183 | D:2      | Reached skill level 3 in Transmutations
  1186 | D:2      | HP: 4/26 [hobgoblin[Robin] (7)]
  1196 | D:2      | Reached XP level 4. HP: 12/32 MP: 7/7
  1208 | D:2      | Learned a level 2 spell: Wereblood
  1212 | D:2      | Learned a level 3 spell: Spider Form
  1736 | D:2      | You pick up a book of Debilitation and begin reading...
  1736 | D:2      | You add the spells Slow, Vampiric Draining and Confusing
                  | Touch to your library.
  2079 | D:3      | Reached skill level 1 in Poison Magic
  2190 | D:3      | Gained mutation: You sometimes emit foul miasma when
                  | damaged in melee. [demonic ancestry]
  2190 | D:3      | Reached XP level 5. HP: 29/37 MP: 7/9
  2281 | D:3      | Found a bloodstained altar of Trog.
  2498 | D:3      | Identified a +2 robe of the Archmagi
  2833 | D:4      | Found Lootonn's Assorted Antiques.
  2837 | D:4      | Bought a glowing golden potion for 27 gold pieces
  2837 | D:4      | Bought a scroll labelled BOFUPS IHAXO for 30 gold pieces
  2837 | D:4      | Bought a scroll of identify for 60 gold pieces
  2956 | D:4      | Reached skill level 2 in Poison Magic
  3044 | D:4      | Noticed Duvessa
  3044 | D:4      | Noticed Dowan
  3060 | D:4      | HP: 8/37 [Duvessa/+1 short sword of venom (2)]
  3061 | D:4      | Slain by Duvessa

Vanquished Creatures
  A jelly (D:4)
  A sleepcap (D:3)
  Robin (D:2)
  7 adders
  2 worms
  A dart slug (D:3)
  An orc (D:3)
  3 endoplasms
  4 giant cockroaches
  6 hobgoblins
  7 jackals
  7 kobolds
  2 quokkas
  3 ball pythons
  5 bats
  5 frilled lizards
  13 goblins
  7 rats
76 creatures vanquished.

Vanquished Creatures (others)
  3 plants (D:3)
3 creatures vanquished.

Grand Total: 79 creatures vanquished

Table legend:
 A = Non-vault XP
 B = Vault XP
 C = Vault XP percentage of total XP
 D = Non-vault monster count
 E = Vault monster count
 F = Vault count percentage of total count
                 A         B        C        D         E       F
            +---------+---------+-------+---------+---------+-------
      Total |     248 |      58 |  19.0 |      56 |      20 |  26.3
            +---------+---------+-------+---------+---------+-------
        D:1 |      36 |       2 |   5.3 |      23 |       2 |   8.0
        D:2 |      53 |      36 |  40.4 |      16 |      13 |  44.8
        D:3 |     113 |      20 |  15.0 |      14 |       5 |  26.3
        D:4 |      46 |       0 |   0.0 |       3 |       0 |   0.0
            +---------+---------+-------+---------+---------+-------

Illustrated notes

Table legend:
 A = Kills in this place as a percentage of kills in the entire game.
 B = Kills by you in this place as a percentage of kills by you in the entire game.
 C = Kills by friends in this place as a percentage of kills by friends in the entire game.
 D = Other kills in this place as a percentage of other kills in the entire game.
 E = Experience gained in this place as a percentage of experience gained in the entire game.
 F = Experience gained in this place divided by the number of levels of this place that you have seen.
                   A       B       C       D       E      F
               +-------+-------+-------+-------+-------+----------------------
         Total | 100.0 | 100.0 |   N/A |   N/A | 100.0 |  76.5
       Dungeon | 100.0 | 100.0 |   N/A |   N/A | 100.0 |  76.5
               +-------+-------+-------+-------+-------+----------------------

Table legend: (Time is in decaauts)
 A = Elapsed time spent in this place.
 B = Non-inter-level travel time spent in this place.
 C = Inter-level travel time spent in this place.
 D = Time resting spent in this place.
 E = Time spent auto-exploring this place.
 F = Levels seen in this place.
 G = Mean time per level.
                   A        B        C        D        E       F      G
               +--------+--------+--------+--------+--------+-----+--------+
         Total |   3070 |   2989 |     81 |    100 |   2299 |   4 |  767.5 |
       Dungeon |   3070 |   2989 |     81 |    100 |   2299 |   4 |  767.5 |
               +--------+--------+--------+--------+--------+-----+--------+

Top non-repeatable levels by time:
     D:2: 1335 daAuts
     D:3: 775 daAuts
     D:1: 732 daAuts
     D:4: 227 daAuts
